 Dungeon Crawl Stone Soup version 0.32-a0-918-g0f22ef8d61 (webtiles) character file.

Game seed: 16717294051479910641

1228 ezpacito the Trooper (level 8, -6/53 (54) HPs)
             Began as a Coglin Chaos Knight on Apr 12, 2024.
             Was a Plaything of Xom.
             Mangled by a wight
             ... wielding a +5 flail of freezing
              (8 damage)
             ... on level 6 of the Dungeon.
             The game lasted 00:07:05 (5258 turns).

ezpacito the Trooper (Coglin Chaos Knight)          Turns: 5258, Time: 00:07:06

HP:   -6/53 (54)    AC: 15    Str: 15    XL:     8   Next: 48%
MP:   10/10         EV:  7    Int: 12    God:    Xom [...*..]
Gold: 207           SH:  0    Dex: 13    Spells: 11/11 levels left

rFire   + . .        a - +0 hand axe (chaos) {Ajinder}
rCold   . . .        k - +0 spear {Gebhard}
rNeg    . . .        w - +1 chain mail of Bitterness {rF+}
rPois   .            c - +2 hat
rElec   .            o - +0 cloak
rCorr   .            j - +0 pair of gloves
SInv    .            f - +0 pair of boots
Will    +....        (amulet unavailable) Stlth
                     (ring unavailable)
HPRegen 0.28/turn    (ring unavailable)
MPRegen 0.12/turn    (no gizmo)

%: no passive effects
@: lightly drained, revving
A: off-hand wielding, slow wielding, warmup strikes, no jewellery, frail 1, low
MP 1, strong-willed 1
a: Invent Gizmo, Renounce Religion


You were on level 6 of the Dungeon.
You worshipped Xom.
You were a favourite toy of Xom.
You visited 1 branch of the dungeon, and saw 6 of its levels.

You collected 279 gold pieces.
You spent 72 gold pieces at shops.

Inventory:

Hand Weapons
 a - a +0 hand axe of chaos (weapon) {Ajinder}
 k - a +0 spear (offhand) {Gebhard}
 n - a +0 war axe
 s - a +0 war axe
 u - a +2 vampiric hand axe
Missiles
 e - 2 throwing nets (quivered)
 m - 5 boomerangs
Armour
 c - a +2 hat (worn)
 f - a +0 pair of boots (worn)
 j - a +0 pair of gloves (worn)
 o - a +0 cloak (worn)
 r - a +0 helmet
 w - the +1 chain mail of Bitterness (worn) {rF+}
   (You found it on level 3 of the Dungeon)

   rF+:       It protects you from fire.
Talismans
 b - a serpent talisman
Wands
 q - a wand of paralysis (8)
 x - a wand of acid (1)
 C - a wand of roots (11)
Scrolls
 g - a scroll of noise
 h - a scroll of poison
 l - a scroll of enchant armour
 p - a scroll of enchant weapon {unknown}
 t - 3 scrolls of teleportation
 v - 3 scrolls of fog
 y - a scroll of vulnerability {unknown}
 z - a scroll of torment
 A - a scroll of amnesia
Potions
 d - 2 potions of might
 B - 2 potions of enlightenment
 E - a potion of lignification


   Skills:
 * Level 4.8 Fighting
 * Level 4.7(5.3) Axes
 * Level 3.2(4.3) Polearms
 * Level 3.7 Armour
 * Level 3.6 Dodging
 + Level 2.0 Stealth
 + Level 2.1 Spellcasting
 + Level 2.5 Evocations
 + Level 1.3 Shapeshifting


You had 11 spell levels left.
You didn't know any spells.
Your spell library contained the following spells:

 Spells                   Type           Power      Damage    Failure   Level
 Hailstorm                Conj/Ice       1%         3d5       100%        3
 Summon Ice Beast         Ice/Summ       1%         N/A       100%        3
 Passage of Golubria      Tloc           1%         N/A       100%        4
 Silence                  Hex/Air        0%         N/A       100%        5
 Permafrost Eruption      Ice/Erth       0%         2x4d1     100%        6
 Sculpt Simulacrum        Ice/Alch       0%         N/A       100%        6
 Lehudib's Crystal Spear  Conj/Erth      0%         10d2      100%        8


Dungeon Overview and Level Annotations

Branches:
Dungeon (6/15)             Temple (0/1) D:5

Altars:
Fedhas
Sif Muna
Trog

Shops:
D:3 *

Annotations:
D:6 Prince Ribbit


Innate Abilities, Weirdness & Mutations

You can wield a second weapon in your off-hand.
It takes a long time for you to wield or remove held weapons.
Your first few attacks do less damage.
You cannot equip rings or amulets.
You are frail. (-10% HP)
Your magical capacity is low. (-10% MP)
You are strong-willed. (Will+)


Message History

The wight barely misses you.
You hit the wight with your +0 hand axe of chaos.
The wight seems to slow down.
The wight is almost destroyed.
You hit the wight but do no damage.
You hit the wight with your +0 hand axe of chaos.
You destroy the wight!
A wight is nearby!
Okay, then.
Aiming: Corrosive Bolt
Press: ? - help, Shift-Dir - straight line
Okay, then.
Things that are here:
a +4 morningstar; a +0 robe; MP restored: 10
Aiming: Corrosive Bolt
Press: ? - help, Shift-Dir - straight line, f - wight
Aim: a wight, wielding a +3 falchion and wearing a +0 robe (heavily damaged, confused, 90% to hit)
The bolt of acid hits the wight!
The acid corrodes the wight!
You destroy the wight!
A wight comes into view. It is wielding a +5 flail of freezing.
Your life force feels restored.
Aiming: Corrosive Bolt
Press: ? - help, Shift-Dir - straight line, f - wight
Aim: a wight, wielding a +5 flail of freezing and wearing a +0 robe (71% to hit)
The bolt of acid hits the wight!
The wight is moderately damaged.
A wight comes into view. It is wielding a +4 dagger.
The wight hits you with a +5 flail of freezing.
* * * LOW HITPOINT WARNING * * *
You feel drained.
* * * LOW HITPOINT WARNING * * *
The wight freezes you.
* * * LOW HITPOINT WARNING * * *
You take 11 damage, and have 1/53 hp.
MASSIVE DAMAGE!!
You hit the wight but do no damage.
The wight is moderately damaged.
You barely miss the wight with your +0 spear.
The wight hits you with a +5 flail of freezing!
You die...
Xom guffaws!

##......##
##...<....###
#............
####...)......#
..............#
####...)......#
#.........!#
##.........###
#...@.......!#
#.....z).....###
##.......)....#
##...........+
#..........##
##........##
.......z.##
######...# ###..


You could see 2 wights.

Vanquished Creatures
  A wyvern (D:4)
  An ogre (D:5)
  A phantom (D:5)
  3 scorpions
  3 wights (D:6)
  A ballistomycete (D:6)
  2 gnoll boudas (D:4)
  4 iguanas
  Ijyb (D:4)
  3 orc wizards
  Robin (D:3)
  9 gnolls
  3 adders
  5 dart slugs
  A ribbon worm (D:2)
  20 orcs
  6 ball pythons
  6 bats
  6 endoplasms
  A giant cockroach (D:4)
  27 goblins
  10 hobgoblins
  10 jackals
  A quokka (D:4)
  3 frilled lizards
  7 kobolds
  4 rats
140 creatures vanquished.

Vanquished Creatures (others)
  An orc wizard (D:4)
  An orc (D:4)
2 creatures vanquished.

Grand Total: 142 creatures vanquished

Notes
Turn   | Place    | Note
-------+----------+-------------------------------------------
     0 | D:1      | ezpacito the Coglin Chaos Knight began the quest for the
                  | Orb.
     0 | D:1      | Reached XP level 1. HP: 18/18 MP: 1/1
   150 | D:1      | Reached skill level 1 in Dodging
   184 | D:1      | Reached XP level 2. HP: 24/24 MP: 2/2
   344 | D:1      | XOM: divination: detect items
   687 | D:2      | XOM: silly message
   759 | D:2      | Reached XP level 3. HP: 27/29 MP: 3/3
   933 | D:2      | Reached skill level 1 in Polearms
  1028 | D:2      | XOM: silly message
  1165 | D:2      | XOM is BORED!
  1413 | D:3      | XOM: give mutations
  1413 | D:3      | Gained mutation: You are strong-willed. (Will+) [Xom's
                  | mischief]
  1413 | D:3      | Gained mutation: You are frail. (-10% HP) [Xom's mischief]
  1413 | D:3      | Gained mutation: Your magical capacity is low. (-10% MP)
                  | [Xom's mischief]
  1443 | D:3      | XOM: summons 2 hostile demons
  1560 | D:3      | Found Culuink's Assorted Antiques.
  1565 | D:3      | Reached XP level 4. HP: 29/31 MP: 4/4
  1571 | D:3      | Noticed Robin
  1586 | D:3      | Killed Robin
  1591 | D:3      | XOM: confuse monster(s)
  1592 | D:3      | XOM: enchant monster (bad)
  1612 | D:3      | Found a blossoming altar of Fedhas.
  1677 | D:3      | Bought a bubbling golden potion for 22 gold pieces
  1677 | D:3      | Bought a scroll labelled ACOPLAUKL PUFE for 25 gold pieces
  1677 | D:3      | Bought a scroll labelled NEYTOI EL YFEQ for 25 gold pieces
  1795 | D:3      | XOM: draining
  1846 | D:3      | XOM: summons 3 hostile demons
  1902 | D:3      | XOM: silly message
  1909 | D:3      | XOM: 9-stop teleportation journey
  2024 | D:3      | Reached XP level 5. HP: 32/32 MP: 5/5
  2044 | D:3      | XOM: 2-stop teleportation journey
  2100 | D:3      | Identified the +1 chain mail of Bitterness {rF+}
  2480 | D:4      | Reached skill level 1 in Spellcasting
  2642 | D:4      | Noticed Ijyb
  2649 | D:4      | XOM: scenery: 1 doors close
  2656 | D:4      | Killed Ijyb
  2742 | D:4      | XOM: 6-stop teleportation journey
  3063 | D:4      | Noticed a wyvern
  3068 | D:4      | Reached XP level 6. HP: 41/43 MP: 7/7
  3080 | D:4      | Reached skill level 1 in Stealth
  3080 | D:4      | XOM: confusion (+ monsters)
  3081 | D:4      | Killed a wyvern
  3082 | D:4      | Reached skill level 1 in Evocations
  3161 | D:4      | Found a bloodstained altar of Trog.
  3267 | D:4      | Reached XP level 7. HP: 47/48 MP: 8/8
  3302 | D:4      | XOM: noise
  3657 | D:4      | XOM: summons 1 hostile demon
  4048 | D:5      | Entered Level 5 of the Dungeon
  4096 | D:4      | Reached skill level 1 in Shapeshifting
  4276 | D:5      | XOM: scenery: 2 doors open
  4283 | D:5      | HP: 1/49 [ogre/+0 giant club (29)]
  4283 | D:5      | XOM: butterfly on damage
  4289 | D:5      | XOM: torment (3/49 hp)
  4389 | D:5      | XOM: noise
  4448 | D:5      | Reached XP level 8. HP: 52/54 MP: 9/9
  4604 | D:5      | Found a staircase to the Ecumenical Temple.
  4783 | D:5      | XOM: stat loss: -1 Str (14/15)
  5131 | D:6      | XOM: chaos upgrade
  5134 | D:6      | Noticed Prince Ribbit
  5135 | D:6      | XOM: confusion
  5149 | D:6      | XOM: enchant monster (bad)
  5155 | D:6      | XOM: cast spell 'Iskenderun's Battlesphere'
  5217 | D:6      | Found a shimmering blue altar of Sif Muna.
  5217 | D:6      | XOM: 2-stop teleportation journey
  5220 | D:6      | XOM: polymorph sleepcap -> ballistomycete
  5233 | D:6      | XOM: swap monsters
  5257 | D:6      | HP: 1/53 [wight/+5 flail of freezing (3)]
  5258 | D:6      | Mangled by a wight

Illustrated notes

Levels and vault maps discovered:
D:1:      tarquinn_simple_flora_water_d, layout_basic
D:2:      layout_loops_cross, grunt_decor_one_mirror
D:3:      layout_loops_corners, fedhas_altar_1, serial_shops,
          nicolae_shop_temple_entry_statues_fountains,
          minmay_misc_feat_ornament, uniq_robin
D:4:      kennysheep_goblin_castle, layout_loops_corners,
          mainiacjoe_overflow_alcove_1, kennysheep_generic_room_13
D:5:      layout_basic, minmay_temple_entry_crystal_x
D:6:      layout_rooms, led_sif_pool, minmay_liquid_box, uniq_prince_ribbit1,
          uniq_menkaure, uniq_duvessa

Skill      XL: |  1  2  3  4  5  6  7  8 |
---------------+-------------------------+-----
Dodging        | 1 2 3 |  3.6
Armour         | 2 3 |  3.7
Polearms       | 1 2 3 |  3.2
Spellcasting   | 1 2 |  2.1
Stealth        | 1 2 |  2.0
Fighting       | 4 |  4.8
Evocations     | 1 2 |  2.5
Axes           | 4 |  4.7
Shapeshifting  | 1 |  1.3

Action                     |  1- 3 |  4- 6 |  7- 9 || total
---------------------------+-------+-------+-------++-------
  Melee: Dagger            |    39 |       |       ||    39
         Hand axe          |    84 |   162 |   139 ||   385
         Spear             |    59 |   175 |   158 ||   392
  Throw: Throwing net      |       |       |     1 ||     1
  Evoke: Wand              |       |       |     8 ||     8
    Use: Potion            |       |     4 |     2 ||     6
         Scroll            |       |     1 |     9 ||    10
   Stab: Sleeping          |     2 |       |       ||     2
         Confused          |     1 |     2 |     1 ||     4
         Petrified         |       |       |     3 ||     3
         Petrifying        |       |       |     1 ||     1
 Armour: Leather armour    |    63 |    44 |       ||   107
         Chain mail        |       |    66 |   156 ||   222
         Skin              |       |     4 |       ||     4
  Dodge: Dodged            |    52 |    60 |    53 ||   165

Table legend: (Time is in decaauts)
 A = Elapsed time spent in this place.
 B = Non-inter-level travel time spent in this place.
 C = Inter-level travel time spent in this place.
 D = Time resting spent in this place.
 E = Time spent auto-exploring this place.
 F = Levels seen in this place.
 G = Mean time per level.
                   A        B        C        D        E       F      G
               +--------+--------+--------+--------+--------+-----+--------+
         Total |   5273 |   5015 |    258 |    334 |   3666 |   6 |  878.8 |
       Dungeon |   5273 |   5015 |    258 |    334 |   3666 |   6 |  878.8 |
               +--------+--------+--------+--------+--------+-----+--------+

Top non-repeatable levels by time:
     D:4: 1793 daAuts
     D:3: 1020 daAuts
     D:5: 901 daAuts
     D:2: 783 daAuts
     D:1: 633 daAuts
     D:6: 141 daAuts
